 Dungeon Crawl Stone Soup version 0.26.0-20-g3ca415f5b8 (webtiles) character file.

Game seed: 306523972513569703

30 kaeus the Firebug (level 3, -2/19 HPs)
             Began as a Gargoyle Fire Elementalist on Jan 24, 2021.
             Slain by a worm (5 damage)
             ... on level 2 of the Dungeon.
             The game lasted 00:01:23 (1455 turns).

kaeus the Firebug (Gargoyle Fire Elementalist)      Turns: 1455, Time: 00:01:24

Health: -2/19      AC:  6    Str: 11    XL:     3   Next: 20%
Magic:  1/6        EV: 11    Int: 16    God:
Gold:   71         SH:  3    Dex: 10    Spells: 5/6 levels left

rFire    . . .     SeeInvis .   k - +0 spear
rCold    . . .     Faith    .   g - +0 buckler
rNeg     + . .     Spirit   .   a - +0 robe
rPois    ∞         Reflect  .   e - +0 helmet
rElec    +         Harm     .   (no cloak)
rCorr    +         Rampage  .   (no gloves)
Will     .....                  (no boots)
Stlth    ++........             (no amulet)
HPRegen  0.06/turn              h - ring of resist corrosion
MPRegen  0.10/turn              (no ring)

@: no status effects
A: negative energy resistance 1, electricity resistance, unbreathing,
petrification resistance, miasma immunity, AC +3
a: no special abilities


You were on level 2 of the Dungeon.
You visited 1 branch of the dungeon, and saw 2 of its levels.

You collected 71 gold pieces.

Inventory:

Hand Weapons
 k - a +0 spear (weapon)
Armour
 a - a +0 robe (worn)
 e - a +0 helmet (worn)
 g - a +0 buckler (worn)
Jewellery
 h - a ring of resist corrosion (left hand)
Scrolls
 b - 2 scrolls of blinking {unknown}
 d - a scroll of remove curse {unknown}
 f - a scroll of identify {unknown}
 j - 3 scrolls of amnesia {unknown}
Potions
 c - a potion of attraction {unknown}
 i - a potion of degeneration {unknown}
 l - a potion of flight {unknown}


   Skills:
 - Level 1.5 Dodging
 - Level 2.1 Stealth
 + Level 2.3 Spellcasting
 * Level 2.2 Conjurations
 * Level 3.5 Fire Magic


You had 5 spell levels left.
You knew the following spells:

 Your Spells              Type           Power        Failure   Level
a - Foxfire               Conj/Fire      44%          11%         1

Your spell library contained the following spells:

 Spells                   Type           Power        Failure   Level
 Conjure Flame            Conj/Fire      11%          30%         3
 Inner Flame              Hex/Fire       7%           43%         3
 Sticky Flame             Conj/Fire      11%          71%         4
 Fireball                 Conj/Fire      5%           96%         5


Dungeon Overview and Level Annotations

Branches:
Dungeon (2/15)

Altars:


Innate Abilities, Weirdness & Mutations

You are resistant to torment.
Your stone body is resilient. (AC +3)
You are immune to poison.
You resist negative energy. (rN+)
You are resistant to electric shocks. (rElec)
You can survive without breathing.
You are immune to petrification.
You are immune to miasma.


Message History

You take 8 damage, and have 10/19 hp.
MASSIVE DAMAGE!!
You hit the worm.
The worm is moderately wounded.
A worm is nearby!
You hit the worm.
The worm is severely wounded.
The worm bites you!
* * * LOW HITPOINT WARNING * * *
A worm is nearby!
You take 7 damage, and have 3/19 hp.
MASSIVE DAMAGE!!
You are too injured to fight recklessly!
A worm is nearby!
You are too injured to fight recklessly!
A worm is nearby!
You are too injured to fight recklessly!
A worm is nearby!
You barely miss the worm.
The worm is heavily wounded.
The worm bites you.
You die...

#.......#
#.......###.......##
###.......##......>..#
.<.........+.........+
###.......##.(.......#
####.#### #.......#
#.# #.....# #####.####
#.w.# #........# #@#
#.###.##.# #.#
#.##.### #.# #......#
##.##
####.#.###...####
...#.##.........
#####..........##
#####..#.....
#.#######.


You could see a worm.

Vanquished Creatures
  A worm (D:2)
  A dart slug (D:1)
  4 bats (D:1)
  A giant cockroach (D:1)
  4 goblins (D:1)
  5 hobgoblins (D:1)
  2 kobolds (D:1)
  2 frilled lizards (D:1)
  4 rats (D:1)
24 creatures vanquished.

Vanquished Creatures (others)
  54 foxfires
54 creatures vanquished.

Grand Total: 78 creatures vanquished

Notes
Turn   | Place    | Note
-------+----------+-------------------------------------------
     0 | D:1      | kaeus the Gargoyle Fire Elementalist began the quest for
                  | the Orb.
     0 | D:1      | Reached XP level 1. HP: 10/10 MP: 3/3
   342 | D:1      | Reached XP level 2. HP: 15/15 MP: 0/5
  1053 | D:1      | Reached XP level 3. HP: 19/19 MP: 3/6
  1455 | D:2      | Slain by a worm

Illustrated notes

Levels and vault maps discovered:
D:1:      dpeg_arrival_water_fire, layout_loops_ring
D:2:      layout_loops_corners, makhleb_blood_cavern_becter

Skill      XL: |  1  2 |
---------------+-------+-----
Conjurations   | 2 |  2.2
Dodging        | |  1.5
Stealth        | |  2.1
Spellcasting   | |  2.3
Fire Magic     | |  3.5

Action                   || total
-------------------------++-------
Melee: Unarmed           ||     3
       Club              ||    15
       Dagger            ||    23
       Spear             ||     9
 Cast: Foxfire           ||    41
Armor: Robe              ||    30
Dodge: Dodged            ||    31
Block: Buckler           ||     4
